 Dungeon Crawl Stone Soup version 0.29.0-4-gdea44cf6ec (webtiles) character file.

Game seed: 7051575175066129022

132 qw the Chopper (level 5, -7/30 HPs)
             Began as a Tengu Warper on Aug 28, 2022.
             Killed by divine providence
             ... invoked by an orc priest
              (15 damage)
             ... on level 3 of the Dungeon.
             The game lasted 00:00:12 (1840 turns).

qw the Chopper (Tengu Warper)                       Turns: 1840, Time: 00:00:12

Health: -7/30      AC:  8    Str: 13    XL:     5   Next: 15%
Magic:  9/9        EV:  6    Int: 13    God:
Gold:   95         SH:  4    Dex: 14    Spells: 8/8 levels left

rFire   . . .      SeeInvis .   Y - +0 hand axe
rCold   . . .      Faith    .   j - +0 buckler
rNeg    . . .      Spirit   .   f - +0 chain mail
rPois   .          Reflect  .   (helmet restricted)
rElec   .          Harm     .   (no cloak)
rCorr   .          Rampage  .   (no gloves)
Will    .....                   (boots unavailable)
Stlth   ..........              (no amulet)
HPRegen 0.10/turn               (no ring)
MPRegen 0.11/turn               (no ring)

@: flying quickly and evasively, quick
A: beak, talons 3, nimble flight
a: no special abilities


You were on level 3 of the Dungeon.
You visited 1 branch of the dungeon, and saw 3 of its levels.

You collected 95 gold pieces.


Innate Abilities, Weirdness & Mutations

You have a beak for a mouth.
You have claws for feet.
Your magical nature lets you fly swiftly and evasively.


   Skills:
 - Level 2.0 Fighting
 + Level 5.2 Axes
 - Level 1.0 Throwing
 - Level 1.1 Armour
 - Level 2.1 Dodging
 - Level 1.8 Shields
 - Level 2.0 Spellcasting
 - Level 2.4 Translocations


You had 8 spell levels left.
You didn't know any spells.
Your spell library contained the following spells:

 Spells                   Type           Power      Damage    Failure   Level
 Blink                    Tloc           14%        N/A       100%        2
 Gell's Gravitas          Tloc           7%         N/A       100%        3
 Lesser Beckoning         Tloc           7%         N/A       100%        3
 Teleport Other           Tloc           7%         N/A       100%        3
 Manifold Assault         Tloc           7%         N/A       100%        5

Inventory:

Hand Weapons
 e - a +0 club
 Y - a +0 hand axe (weapon)
Armour
 f - a +0 chain mail (worn)
 j - a +0 buckler (worn)
Scrolls
 h - a scroll of identify
Potions
 a - a potion of mutation
 d - a potion of might {unknown}
 i - a potion of magic {unknown}
 l - a potion of berserk rage {unknown}

Dungeon Overview and Level Annotations

Branches:
Dungeon (3/15)

Altars:
Nemelex Xobeh


Message History

The orc hits you with a +0 trident.
You hit the orc but do no damage. You claw the orc.
You kill the orc!
You start resting.
A ball python comes into view.
A hobgoblin comes into view.
1814 ||| Stepping ~*~*~tactically~*~*~ (stealth).
You start resting.
You hear the rusting of a drain very nearby.
An orc priest comes into view. It is wielding a +0 club.
1830 ||| FLEEEEING.
Things that are here:
a +0 trident; an orc corpse
1831 ||| Stepping ~*~*~tactically~*~*~ (hiding).
The ball python hisses angrily.
1832 ||| Stepping ~*~*~tactically~*~*~ (stealth).
An orc comes into view. It is wielding a +0 club.
The orc shouts!
You hit the ball python.
The ball python is moderately wounded.
The ball python bites you but does no damage.
You block the ball python's attack.
You hit the ball python.
You kill the ball python!
1836 ||| FLEEEEING.
The orc priest invokes the aid of Beogh against you.
Pain shoots through your body! The orc priest hits you with a +0 club.
You hit the orc priest. You peck the orc priest.
The orc priest is heavily wounded.
The orc priest barely misses you.
You closely miss the orc priest. Your kick misses the orc priest.
The orc priest is heavily wounded.
You block the orc priest's attack.
The hobgoblin shouts!
You hit the orc priest. Your kick misses the orc priest.
The orc priest is heavily wounded.
The orc priest mumbles some strange prayers to Beogh against you.
Beogh smites you!
Ouch! That really hurt!
You die...

.....o.. .
####...... .
g..>.... #
#...... #.~.~~
.. #.~.. ~..
####.~.#####.~..
###
#....~o#:....~..
#.. #.##.~@#._.#
#.###
#.##.~)....#
#.#..
#.##.~.#####.~
#.#.#
#.##.~.......~
###.#.#
#.##.~~~~~~~~~
.##.#.#
#.............
.##.#.#
#.#......#####
.'....#
#.########
.##.#######.#


You could see an orc priest and a hobgoblin.

Vanquished Creatures
  Jessica (D:3)
  5 adders
  2 adder skeletons (D:2)
  A worm (D:2)
  2 dart slugs
  An orc (D:3)
  3 ball pythons
  A bat skeleton (D:2)
  6 endoplasms (D:2)
  5 goblins
  4 hobgoblins (D:2)
  3 jackals (D:3)
  2 kobolds (D:1)
  2 bats (D:2)
  3 frilled lizards
  2 giant cockroach zombies (D:2)
  5 rats
48 creatures vanquished.

Vanquished Creatures (others)
  4 withered plants
4 creatures vanquished.

Grand Total: 52 creatures vanquished

Notes
Turn   | Place    | Note
-------+----------+-------------------------------------------
     0 | D:1      | qw the Tengu Warper began the quest for the Orb.
     0 | D:1      | Reached XP level 1. HP: 12/12 MP: 4/4
     0 | D:1      | 0 ||| qw: Version: 0.1-a-89-g26bdef1
     0 | D:1      | 0 ||| qw: Game counter: 1253
     0 | D:1      | 0 ||| qw: Always use a shield: true
     0 | D:1      | 0 ||| qw: God list: Okawaru
     0 | D:1      | 0 ||| qw: Allow faded altars: false
     0 | D:1      | 0 ||| qw: Do Orc after D:15 true
     0 | D:1      | 0 ||| qw: Do second Lair branch before Depths: true
     0 | D:1      | 0 ||| qw: Lair rune preference: random
     0 | D:1      | 0 ||| qw: Plans: Normal
     0 | D:1      | 0 ||| PLANNING D:1-11
   134 | D:1      | Found a faded altar of an unknown god.
   255 | D:1      | Reached skill level 3 in Axes
   255 | D:1      | Reached XP level 2. HP: 17/17 MP: 6/6
   479 | D:1      | 479 ||| UPGRADING to +0 scale mail.
   489 | D:1      | 489 ||| DROPPING +0 leather armour.
   490 | D:1      | 490 ||| READING scroll labelled CABROI QOBUI.
   493 | D:1      | 493 ||| READING scroll labelled KUEHUS DYXZOKK.
   494 | D:1      | 494 ||| READING 2 scrolls labelled IQEULE LEQIZI.
   495 | D:1      | 495 ||| READING scroll labelled BUMACL WOIHUO.
   496 | D:1      | 496 ||| DRINKING 2 fuming emerald potions.
   497 | D:1      | 497 ||| DROPPING scroll of blinking.
   498 | D:1      | 498 ||| DROPPING potion of degeneration.
   640 | D:2      | Reached XP level 3. HP: 21/21 MP: 7/7
   644 | D:2      | Reached skill level 4 in Axes
   699 | D:2      | 699 ||| Stepping ~*~*~tactically~*~*~ (stealth).
   921 | D:2      | 921 ||| Stepping ~*~*~tactically~*~*~ (hiding).
   981 | D:2      | Reached XP level 4. HP: 26/26 MP: 8/8
  1110 | D:2      | Reached skill level 5 in Axes
  1593 | D:2      | 1593 ||| UPGRADING to +0 chain mail.
  1603 | D:2      | 1603 ||| DROPPING +0 scale mail.
  1604 | D:2      | 1604 ||| UPGRADING to +0 buckler.
  1609 | D:2      | 1609 ||| READING 2 scrolls labelled TUFOUSCH HIUGAN.
  1610 | D:2      | 1610 ||| READING 3 scrolls of identify.
  1610 | D:2      | 1610 ||| IDENTIFYING yellow potion
  1611 | D:2      | 1611 ||| READING 2 scrolls of identify.
  1611 | D:2      | 1611 ||| IDENTIFYING glowing pink potion
  1612 | D:2      | 1612 ||| DROPPING scroll of immolation.
  1613 | D:2      | 1613 ||| DROPPING potion of invisibility.
  1668 | D:3      | 1668 ||| PLANNING SEWER
  1742 | D:3      | Noticed Jessica
  1749 | D:3      | Killed Jessica
  1750 | D:3      | Reached skill level 1 in Shields
  1750 | D:3      | Gained mutation: Your magical nature lets you fly swiftly
                  | and evasively. [Tengu growth]
  1750 | D:3      | Reached XP level 5. HP: 30/30 MP: 9/9
  1752 | D:3      | 1752 ||| Stepping randomly (stuck).
  1753 | D:3      | 1753 ||| Stepping randomly (stuck).
  1754 | D:3      | 1754 ||| Stepping randomly (stuck).
  1789 | D:3      | Found a sparkling altar of Nemelex Xobeh.
  1798 | D:3      | 1798 ||| Stepping ~*~*~tactically~*~*~ (hiding).
  1800 | D:3      | 1800 ||| Stepping ~*~*~tactically~*~*~ (hiding).
  1803 | D:3      | 1803 ||| Stepping ~*~*~tactically~*~*~ (hiding).
  1804 | D:3      | 1804 ||| Stepping ~*~*~tactically~*~*~ (hiding).
  1814 | D:3      | 1814 ||| Stepping ~*~*~tactically~*~*~ (stealth).
  1830 | D:3      | 1830 ||| FLEEEEING.
  1831 | D:3      | 1831 ||| Stepping ~*~*~tactically~*~*~ (hiding).
  1832 | D:3      | 1832 ||| Stepping ~*~*~tactically~*~*~ (stealth).
  1836 | D:3      | 1836 ||| FLEEEEING.
  1840 | D:3      | Killed from afar by an orc priest

Levels and vault maps discovered:
D:1:      amcnicky_arrival_choice, layout_basic,
          ebering_ecumenical_altar_petrified, nrook_loot_triangle, minivault_26
D:2:      layout_loops_ring, serial_undead, serial_undead_a, serial_undead_e,
          serial_undead_f, serial_undead_c
D:3:      layout_basic, mainiacjoe_overflow_brackets, gup_sewer_entry_pipe,
          reono_crystal_passage, uniq_jessica

Skill      XL: |  1  2  3  4 |
---------------+-------------+-----
Axes           | 3 4 5 |  5.2
Shields        | 1 |  1.8
Fighting       | |  2.0
Throwing       | |  1.0
Armour         | |  1.1
Dodging        | |  2.1
Spellcasting   | |  2.0
Translocations | |  2.4

Action                   |  1- 3 |  4- 6 || total
-------------------------+-------+-------++-------
Melee: Hand axe          |    69 |    50 ||   119
       Kick              |    15 |     9 ||    24
       Peck              |    10 |    10 ||    20
Throw: Boomerang         |     7 |       ||     7
  Use: Scroll            |     4 |     3 ||     7
       Potion            |     1 |       ||     1
Armor: Scale mail        |    23 |     7 ||    30
       Chain mail        |       |    11 ||    11
Dodge: Dodged            |    27 |     9 ||    36
Block: Buckler           |       |     4 ||     4

Table legend:
 A = Non-vault XP
 B = Vault XP
 C = Vault XP percentage of total XP
 D = Non-vault monster count
 E = Vault monster count
 F = Vault count percentage of total count
                 A         B        C        D         E       F
            +---------+---------+-------+---------+---------+-------
      Total |     138 |      51 |  27.0 |      42 |       6 |  12.5
            +---------+---------+-------+---------+---------+-------
        D:1 |      16 |       0 |   0.0 |       9 |       0 |   0.0
        D:2 |      92 |      14 |  13.2 |      25 |       5 |  16.7
        D:3 |      30 |      37 |  55.2 |       8 |       1 |  11.1
            +---------+---------+-------+---------+---------+-------
